 Dungeon Crawl Stone Soup version 0.19-a0-1875-g4fea3da (webtiles) character file.

53 Amnesiac the Slasher (level 4, -2/30 HPs)
             Began as a Halfling Monk on Oct 13, 2016.
             Killed by divine providence
             ... invoked by an orc priest
              (13 damage)
             ... on level 3 of the Dungeon.
             The game lasted 00:02:09 (1140 turns).

Amnesiac the Slasher (Halfling Monk)                Turns: 1140, Time: 00:02:10

Health: -2/30      AC:  5    Str: 13    XL:     4   Next: 10%
Magic:  4/4        EV: 14    Int:  8    God:
Gold:   72         SH:  0    Dex: 16    Spells: 0 memorised, 3 levels left

rFire  . . .     SeeInvis .     e - +0 short sword (drain)
rCold  . . .     Gourm    .     l - +0 ring mail
rNeg   . . .     Faith    .     (shield restricted)
rPois  .         Spirit   .     (no helmet)
rElec  .         Dismiss  .     (no cloak)
rCorr  .         Reflect  .     (no gloves)
MR     .....     Harm     .     (no boots)
Stlth  +.........               (no amulet)
                                (no ring)
                                (no ring)

@: drained
A: mutation resistance 1
a: no special abilities


You were on level 3 of the Dungeon.
You were hungry.

You visited 1 branch of the dungeon, and saw 3 of its levels.

You collected 72 gold pieces.

Inventory:

Hand Weapons
 a - a +0 falchion
 e - a +0 short sword of draining (weapon)
Missiles
 h - 18 poisoned needles
Armour
 b - a +0 robe
 l - a +0 ring mail (worn)
Scrolls
 f - a scroll of random uselessness {unknown}
 i - a scroll of blinking {unknown}
 j - 2 scrolls of enchant weapon {unknown}
 m - a scroll of immolation {unknown}
 o - a scroll of identify
 q - a scroll of teleportation
Potions
 k - a potion of resistance
 n - 2 potions of invisibility
 p - a potion of lignification {unknown}
Comestibles
 c - 2 bread rations
 d - 5 fruits
 g - 7 chunks of flesh
 r - a meat ration


   Skills:
 - Level 2.6(1.9) Fighting
 * Level 4.3(3.5) Long Blades
 + Level 3.8(3.0) Dodging
 - Level 2.1(1.4) Stealth


You had 3 spell levels left.
You didn't know any spells.

Dungeon Overview and Level Annotations

Branches:
Dungeon (3/15)

Altars:


Innate Abilities, Weirdness & Mutations

You are small and have problems with some larger weapons.
You are somewhat resistant to further mutation.


Message History

You see here 3 chunks of flesh.
You see here 3 chunks of flesh.
g - 7 chunks of flesh (gained 3)
Found 11 gold pieces.
You now have 72 gold pieces (gained 11).
There are no items here.
Found a meat ration.
Found a scroll of identify.
Found 18 gold pieces.
An orc priest comes into view. It is wielding a flail.
The orc priest shouts!
You see here a meat ration.
r - a meat ration The orc priest invokes the aid of Beogh against you.
Pain shoots through your body!
An orc comes into view. It is wielding an enchanted falchion.
The orc moves out of view.
The orc priest calls down the wrath of Beogh upon you.
Beogh smites you!
You die...

............###..
............###... #
#......#......†..# .##.
#...........###...
....###.o.#######.....##
..........# #......#
.....$#...# ###.....###
#......# #...###.#
#..?@..###.#####.####
........................
#####..........####.#...
#................w##
#..........####..##
............#####w###
......###....w##......
#.##### #####.........
####......


You could see an orc priest.

Vanquished Creatures
  2 adders
  An ooze (D:1)
  A leopard gecko (D:2)
  2 giant cockroaches
  3 goblins
  4 jackals (D:3)
  5 kobolds
  2 quokkas (D:2)
  A ball python (D:3)
  3 bats
  2 frilled lizards
  2 rats
28 creatures vanquished.

Notes
Turn   | Place    | Note
-------+----------+-------------------------------------------
     0 | D:1      | Amnesiac the Halfling Monk began the quest for the Orb.
     0 | D:1      | Reached XP level 1. HP: 15/15 MP: 1/1
    40 | D:1      | Reached XP level 2. HP: 4/20 MP: 2/2
   251 | D:1      | HP: 1/20 [goblin/whip (3)]
   742 | D:2      | Reached XP level 3. HP: 21/25 MP: 3/3
   947 | D:3      | Reached skill level 4 in Long Blades
   989 | D:3      | Found a faded altar of an unknown god.
  1028 | D:3      | Reached XP level 4. HP: 7/30 MP: 4/4
  1140 | D:3      | Killed from afar by an orc priest

Vault maps used:
D:1:      dpeg_arrival_orchard, minmay_fountain_box
D:2:      minmay_tall_x, uniq_natasha
D:3:      ecumenical_altar_1

Skill      XL: |  1  2  3 |
---------------+----------+-----
Long Blades    | 4 |  4.3
Fighting       | |  2.6
Dodging        | |  3.8
Stealth        | |  2.1

Action                   |  1- 3 |  4- 6 || total
-------------------------+-------+-------++-------
Melee: Falchion          |     9 |       ||     9
       Short sword       |    92 |    14 ||   106
  Use: Scroll            |     4 |       ||     4
Armor: Robe              |     8 |       ||     8
       Ring mail         |    32 |     3 ||    35
Dodge: Dodged            |   116 |    19 ||   135
       Rpst.: Falchion   |     3 |       ||     3
